 Dungeon Crawl Stone Soup version 0.28-a0-1114-g8eb0198dcf (webtiles) character file.

Game seed: 17045290793800014672

7 ChaosChampion the Insei (level 2, -1/18 HPs)
             Began as an Octopode Transmuter on Dec 11, 2021.
             Succumbed to a goblin's poison
             ... on level 1 of the Dungeon.
             The game lasted 00:00:36 (468 turns).

ChaosChampion the Insei (Octopode Transmuter)        Turns: 468, Time: 00:00:37

Health: -1/18      AC:  1    Str:  9    XL:     2   Next: 0%
Magic:  3/5        EV: 13    Int: 15    God:
Gold:   7          SH:  0    Dex: 12    Spells: 4/5 levels left

rFire   . . .      SeeInvis .     - Unarmed
rCold   . . .      Faith    .   (no shield)
rNeg    . . .      Spirit   .   (helmet currently unavailable)
rPois   .          Reflect  .   (no amulet)
rElec   .          Harm     .   (no ring)
rCorr   .          Rampage  .   (no ring)
Will    .....                   (no ring)
Stlth   ++........              (no ring)
HPRegen 0.06/turn               (no ring)
MPRegen 0.09/turn               (no ring)
                                (no ring)
                                (no ring)

@: lethally poisoned (-1 -> -14), appendages (expiring)
A: tentacle spike 3, almost no armour, amphibious, 8 rings, camouflage 1,
gelatinous body 1, (nimble swimmer 1), tentacles
a: End Transformation


You were on level 1 of the Dungeon.
One of your tentacles had grown a beastly spike.
You visited 1 branch of the dungeon, and saw 1 of its levels.

You collected 7 gold pieces.

Inventory:

Scrolls
 a - a scroll of amnesia {unknown}
 b - 3 scrolls of blinking {unknown}
 c - a scroll of identify {unknown}
Potions
 d - a potion of curing {unknown}


   Skills:
 - Level 1.0 Fighting
 - Level 2.0 Dodging
 * Level 3.3 Unarmed Combat
 - Level 2.0 Spellcasting
 + Level 2.2 Transmutations


You had 4 spell levels left.
You knew the following spells:

 Your Spells              Type           Power      Damage    Failure   Level
a - Beastly Appendage     Tmut           16%        N/A       9%          1

Your spell library contained the following spells:

 Spells                   Type           Power      Damage    Failure   Level
 Wereblood                Tmut           8%         N/A       14%         2
 Corpse Rot               Necr/Air       2%         N/A       32%         2
 Poisonous Vapours        Pois/Air       2%         N/A       32%         2
 Spider Form              Tmut/Pois      4%         N/A       38%         3
 Ice Form                 Ice/Tmut       4%         N/A       80%         4


Dungeon Overview and Level Annotations

Branches:
Dungeon (1/15)

Altars:


Innate Abilities, Weirdness & Mutations

One of your tentacles has grown a beastly spike.
You cannot wear most types of armour.
You are amphibious.
You can wear up to eight rings at the same time.
Your skin changes colour to match your surroundings (Stealth+).
Your rubbery body absorbs attacks. (AC +1, EV +1)
((You are camouflaged near water. (Stealth+)))
You have tentacles for arms and can constrict up to eight enemies at once.


Message History

No target in view!
No target in view!
Your transformation is almost over.
Magic restored.
Your tentacle spike disappears.
d - a fizzy blue potion You now have 7 gold pieces.
There is a stone staircase leading down here.
A goblin comes into view. It is wielding a +2 dagger of venom.
The goblin shouts!
A goblin is nearby!
A goblin is nearby!
Casting: Beastly Appendage (safe; 9% risk of failure)
Confirm with . or Enter, or press ? or * to list all spells.
One of your tentacles grows a vicious spike.
Your transformation is almost over.
You miss the goblin. Your grab misses the goblin.
The goblin hits you with a +2 dagger of venom.
You are lethally poisoned!
You closely miss the goblin. You grab the goblin.
You constrict the goblin, but do no damage.
You feel sick.
The goblin hits you with a +2 dagger of venom.
You are more poisoned.
You tentacle-slap the goblin.
You kill the goblin!
* * * LOW HITPOINT WARNING * * *
You feel very sick.
You have reached level 2!
There is a lethal amount of poison in your body!
There is a lethal amount of poison in your body!
There is a lethal amount of poison in your body!
There is a lethal amount of poison in your body!
There is a lethal amount of poison in your body!
There is a lethal amount of poison in your body!
There is a lethal amount of poison in your body!
There is a lethal amount of poison in your body!
* * * LOW HITPOINT WARNING * * *
You feel very sick.
You die...

#..†....# #.......#
#.......# #.......#
#.......##########
#######>.........#
##########.#####.#
##########.........#
......)..@.#.#######
############.#
.........#
##########


There were no monsters in sight!

Vanquished Creatures
  A goblin (D:1)
  A quokka (D:1)
  A ball python (D:1)
  A frilled lizard (D:1)
  A kobold (D:1)
  3 rats (D:1)
8 creatures vanquished.

Notes
Turn   | Place    | Note
-------+----------+-------------------------------------------
     0 | D:1      | ChaosChampion the Octopode Transmuter began the quest for
                  | the Orb.
     0 | D:1      | Reached XP level 1. HP: 13/13 MP: 3/3
   467 | D:1      | Reached XP level 2. HP: 5/18 MP: 3/5
   468 | D:1      | Succumbed to a goblin's poison

Illustrated notes

Levels and vault maps discovered:
D:1:      eino_arrival_water_cross, layout_basic

Action                   || total
-------------------------++-------
Melee: Unarmed           ||    15
       Constrict         ||     5
       Tentacles         ||     2
       Kick              ||     1
       Punch             ||     1
 Cast: Beastly Appendage ||     7
 Stab: Sleeping          ||     1
Dodge: Dodged            ||     4

Table legend: (Time is in decaauts)
 A = Elapsed time spent in this place.
 B = Non-inter-level travel time spent in this place.
 C = Inter-level travel time spent in this place.
 D = Time resting spent in this place.
 E = Time spent auto-exploring this place.
 F = Levels seen in this place.
 G = Mean time per level.
                   A        B        C        D        E       F      G
               +--------+--------+--------+--------+--------+-----+--------+
         Total |    467 |    467 |      0 |    276 |    134 |   1 |  467.0 |
       Dungeon |    467 |    467 |      0 |    276 |    134 |   1 |  467.0 |
               +--------+--------+--------+--------+--------+-----+--------+

Top non-repeatable levels by time:
     D:1: 467 daAuts
